 Dungeon Crawl Stone Soup version 0.29.0-7-g18a832c13a (webtiles) character file.

Game seed: 11870013137326677572

47 Colgate the Insei (level 3, -1/20 HPs)
             Began as an Octopode Transmuter on Aug 30, 2022.
             Was a Believer of Hepliaklqana.
             Slain by a gnoll
             ... wielding a +0 spear
              (5 damage)
             ... on level 2 of the Dungeon.
             The game lasted 00:14:04 (2852 turns).

Colgate the Insei (Octopode Transmuter)             Turns: 2852, Time: 00:14:06

Health: -1/20      AC:  1    Str:  9    XL:     3   Next: 70%
Magic:  5/6        EV: 13    Int: 17    God:    Hepliaklqana [**....]
Gold:   85         SH:  0    Dex: 12    Spells: 5/6 levels left

rFire   . . .      SeeInvis .     - Unarmed
rCold   . . .      Faith    .   (no shield)
rNeg    . . .      Spirit   .   (helmet currently unavailable)
rPois   .          Reflect  .   (no amulet)
rElec   .          Harm     .   (no ring)
rCorr   .          Rampage  .   (no ring)
Will    .....                   (no ring)
Stlth   ++........              (no ring)
HPRegen 0.06/turn               (no ring)
MPRegen 0.10/turn               (no ring)
                                (no ring)
                                (no ring)

@: appendages
A: tentacle spike 3, reduced essence, almost no armour, amphibious, 8 rings,
camouflage 1, gelatinous body 1, (nimble swimmer 1), tentacles
a: End Transformation, Renounce Religion, Recall Ancestor, Ancestor Identity


You were on level 2 of the Dungeon.
You worshipped Hepliaklqana.
Hepliaklqana was pleased with you.
One of your tentacles had grown a beastly spike.
You visited 1 branch of the dungeon, and saw 2 of its levels.

You collected 85 gold pieces.

Inventory:

Missiles
 k - a throwing net {!f}
 l - 5 silver javelins
Scrolls
 d - a scroll of noise {unknown}
 e - 2 scrolls of teleportation {unknown}
 g - 3 scrolls of identify {unknown}
 h - a scroll of immolation {unknown}
 i - a scroll of amnesia {unknown}
Potions
 a - 2 potions of lignification
 b - a potion of cancellation {unknown}
 c - a potion of brilliance {unknown}
 f - a potion of attraction {unknown}
 j - a potion of degeneration {unknown}


   Skills:
 - Level 1.0 Fighting
 - Level 2.0 Dodging
 - Level 4.0 Unarmed Combat
 - Level 2.0 Spellcasting
 + Level 2.9 Transmutations


You had 5 spell levels left.
You knew the following spells:

 Your Spells              Type           Power      Damage    Failure   Level
a - Beastly Appendage     Tmut           22%        N/A       6%          1

Your spell library contained the following spells:

 Spells                   Type           Power      Damage    Failure   Level
 Wereblood                Tmut           11%        N/A       9%          2
 Apportation              Tloc           2%         N/A       19%         1
 Freeze                   Ice            4%         1d3       19%         1
 Spider Form              Tmut/Pois      6%         N/A       32%         3
 Frozen Ramparts          Ice            2%         1d1       50%         3
 Portal Projectile        Hex/Tloc       2%         N/A       50%         3
 Tukima's Dance           Hex            1%         N/A       50%         3
 Ice Form                 Ice/Tmut       6%         N/A       71%         4
 Blade Hands              Tmut           5%         N/A       85%         5
 Hailstorm                Conj/Ice       1%         3d3       88%         4
 Alistair's Intoxication  Tmut/Pois      4%         N/A       96%         5


Dungeon Overview and Level Annotations

Branches:
Dungeon (2/15)

Altars:
Hepliaklqana
Kikubaaqudgha


Innate Abilities, Weirdness & Mutations

One of your tentacles has grown a beastly spike.
Your life essence is reduced to manifest your ancestor. (-10% HP)
You cannot wear most types of armour.
You are amphibious.
You can wear up to eight rings at the same time.
Your skin changes colour to match your surroundings (Stealth+).
Your rubbery body absorbs attacks. (AC +1, EV +1)
((You are camouflaged when in or above water. (Stealth+)))
You have tentacles for arms and can constrict up to eight enemies at once.


Message History

The gnoll hits Londisizwe with a +0 quarterstaff.
Londisizwe hits the gnoll with a +0 dagger of draining.
The gnoll dies!
A gnoll comes into view. It is wielding a +0 whip.
What are your orders? t - Shout!
Orders for allies: a - Attack new target. r - Retreat! s - Stop attacking. g - Guard the area. f - Follow me.
Anything else - Cancel.
Gang up on whom?
Aim: a gnoll, wielding a +0 whip Attack!
Londisizwe points at the gnoll and mumbles some strange words.
The gnoll resists with some effort.
Londisizwe closely misses the gnoll.
Something hits Londisizwe.
The gnoll hits Londisizwe with a +0 whip.
Londisizwe hits the gnoll with a +0 dagger of draining.
Londisizwe hits the gnoll with a +0 dagger of draining.
Londisizwe drains the gnoll.
Something hits Londisizwe!
Londisizwe is destroyed!
You hear a shout!
A gnoll comes into view. It is wielding a +0 spear.
There is a stone staircase leading down here.
There is a stone staircase leading up here.
You climb upwards.
There is a stone staircase leading down here.
Londisizwe emerges from the mists of memory!
HP restored.
Done exploring.
One of your tentacles grows a vicious spike.
You climb downwards.
The gnoll hits you with a +0 whip.
The gnoll hits you from afar with a +0 spear.
The gnoll hits you with a +0 whip.
* * * LOW HITPOINT WARNING * * *
There is a stone staircase leading up, spattered with blood here.
You completely miss the gnoll. You grab the gnoll. You squeeze the gnoll.
You constrict the gnoll, but do no damage.
The gnoll hits you from afar with a +0 spear.
You die...

#.....'.....##....##.#
##.##.#.###.##.......# ####.#.#
#.##.#>##### #.#.###.##.#.#
#.#.....+..#.# #+#
#####.#'########.# #.# ........#
#g# #.# #####.##### #R# ##.## ##
##.....# #@##### ##...## .#
#.♣..♣.### #g)♣P§♣ #.....#
###♣♣...♣..P####.♣♣§P♣♣♣....#####
PP♣..♣♣♣..♣♣..♣♣§♣~♣P.♣♣..P#.....
♣....♣P.........§P♣♣.P.♣.........
♣P♣......P.#...#§§.P.P..♣♣...#...
♣♣..♣..P........§§..♣..♣♣♣♣......
♣....♣...#..._...#...♣.P.♣♣.♣.###
♣..♣.................♣..P...####


You could see the friendly Londisizwe the hexer and 2 gnolls.

Vanquished Creatures
  A worm (D:2)
  A dart slug (D:1)
  3 bats (D:2)
  2 endoplasms (D:1)
  4 goblins
  A hobgoblin (D:2)
  2 jackals (D:2)
  A kobold (D:2)
  3 quokkas (D:2)
  2 ball pythons
  2 frilled lizards (D:1)
  4 rats
26 creatures vanquished.

Vanquished Creatures (collateral kills)
  A gnoll (D:2)
  3 jackals (D:2)
4 creatures vanquished.

Vanquished Creatures (others)
  An ancestor (D:2)
  A hexer (D:2)
  25 plants (D:2)
27 creatures vanquished.

Grand Total: 57 creatures vanquished

Notes
Turn   | Place    | Note
-------+----------+-------------------------------------------
     0 | D:1      | Colgate the Octopode Transmuter began the quest for the
                  | Orb.
     0 | D:1      | Reached XP level 1. HP: 13/13 MP: 3/3
   407 | D:1      | Found a faded altar of an unknown god.
   412 | D:1      | Prayed at the altar of an unknown god.
   412 | D:1      | Became a worshipper of Hepliaklqana the Forgotten
   412 | D:1      | Reached * piety under Hepliaklqana
   501 | D:1      | Reached XP level 2. HP: 16/16 MP: 5/5
  1206 | D:2      | Found an ancient bone altar of Kikubaaqudgha.
  1550 | D:2      | Reached skill level 4 in Unarmed Combat
  1766 | D:2      | Reached XP level 3. HP: 19/20 MP: 6/6
  2152 | D:2      | Reached ** piety under Hepliaklqana
  2153 | D:2      | Remembered your ancestor Londisizwe as a hexer
  2852 | D:2      | Slain by a gnoll

Illustrated notes

Levels and vault maps discovered:
D:1:      nicolae_arrival_somewhat_less_tricky_arrival, layout_loops_ring,
          basic_ecumenical_altar, minmay_misc_feat_ornament
D:2:      wad_woods_stonehenge, layout_loops_corners, minmay_misc_feat_enclosed,
          minmay_misc_feat_encased, minmay_pentomino_s4, uniq_terence

Skill      XL: |  1  2 |
---------------+-------+-----
Unarmed Combat | 4 |  4.0
Fighting       | |  1.0
Dodging        | |  2.0
Spellcasting   | |  2.0
Transmutations | |  2.9

Action                   || total
-------------------------++-------
Melee: Unarmed           ||    64
       Constrict         ||    18
       Tentacles         ||    13
       Kick              ||     7
       Punch             ||     2
 Cast: Beastly Appendage ||    15
Invok: Ancestor Life: He ||     1
 Stab: Sleeping          ||     5
Armor: Skin              ||     3
Dodge: Dodged            ||    36
